 Dungeon Crawl Stone Soup version 0.28.0 (webtiles) character file.

Game seed: 18292092264945330080

86 Akaron the Digger (level 4, -3/27 HPs)
             Began as an Octopode Earth Elementalist on Feb 6, 2022.
             Slain by Jessica (5 damage)
             ... on level 2 of the Dungeon.
             The game lasted 00:04:25 (1617 turns).

Akaron the Digger (Octopode Earth Elementalist)     Turns: 1617, Time: 00:04:25

Health: -3/27      AC:  1    Str:  7    XL:     4   Next: 49%
Magic:  5/8        EV: 13    Int: 19    God:
Gold:   17         SH:  0    Dex: 12    Spells: 2/8 levels left

rFire   . . .      SeeInvis .   k - +1 dagger (venom)
rCold   . . .      Faith    .   (no shield)
rNeg    . . .      Spirit   .   (helmet restricted)
rPois   .          Reflect  .   d - amulet of the acrobat
rElec   .          Harm     .   (no ring)
rCorr   .          Rampage  .   (no ring)
Will    .....                   (no ring)
Stlth   +++.......              (no ring)
HPRegen 0.09/turn               (no ring)
MPRegen 0.11/turn               (no ring)
                                (no ring)
                                (no ring)

@: no status effects
A: almost no armour, amphibious, 8 rings, camouflage 1, gelatinous body 1,
(nimble swimmer 1), tentacles
a: no special abilities


You were on level 2 of the Dungeon.
You visited 1 branch of the dungeon, and saw 2 of its levels.

You collected 17 gold pieces.

Inventory:

Hand Weapons
 i - a +0 spear
 k - a +1 dagger of venom (weapon)
Missiles
 b - 14 stones
Jewellery
 d - an amulet of the acrobat (around mantle)
Wands
 h - a wand of paralysis (6)
Scrolls
 a - a scroll of immolation {unknown}
 g - a scroll of noise {unknown}
 j - a scroll of teleportation {unknown}
Potions
 c - a potion of haste {unknown}
 e - a potion of degeneration {unknown}
 f - a potion of might {unknown}


   Skills:
 + Level 2.2 Dodging
 - Level 2.6 Stealth
 + Level 2.9 Spellcasting
 * Level 1.6 Conjurations
 + Level 1.0 Transmutations
 + Level 3.8 Earth Magic


You had 2 spell levels left.
You knew the following spells:

 Your Spells              Type           Power      Damage    Failure   Level
a - Sandblast             Erth           34%        2d9       3%          1
b - Passwall              Tmut/Erth      10%        N/A       9%          2
c - Stone Arrow           Conj/Erth      26%        3d8       14%         3

Your spell library contained the following spells:

 Spells                   Type           Power      Damage    Failure   Level
 Petrify                  Tmut/Erth      12%        N/A       50%         4


Dungeon Overview and Level Annotations

Branches:
Dungeon (2/15)

Altars:

Annotations:
D:2 Jessica


Innate Abilities, Weirdness & Mutations

You cannot wear most types of armour.
You are amphibious.
You can wear up to eight rings at the same time.
Your skin changes colour to match your surroundings (Stealth+).
Your rubbery body absorbs attacks. (AC +1, EV +1)
((You are camouflaged when in or above water. (Stealth+)))
You have tentacles for arms and can constrict up to eight enemies at once.


Message History

Found a stone staircase leading down.
Jessica mumbles some strange words.
Jessica blinks!
The gnoll shouts!
You see here a +0 spear.
i - a +0 spear
Things that are here:
a +0 flail; a gnoll corpse Jessica casts a spell.
Jessica seems to speed up.
Things that are here:
a +0 dagger; a +0 leather armour Jessica casts a spell.
Jessica blinks!
The blast of sand hits the gnoll.
The gnoll is heavily wounded.
The blast of sand misses the gnoll.
Jessica hits you with a +5 club. The gnoll hits you with a +0 whip.
Jessica casts a spell at you. Pain shoots through your body!
* * * LOW HITPOINT WARNING * * *
You are too injured to fight recklessly!
You barely miss the gnoll. You grab the gnoll.
The gnoll is heavily wounded.
You constrict the gnoll. Jessica closely misses you.
The gnoll completely misses you.
You hit the gnoll but do no damage.
The gnoll is poisoned.
You squeeze the gnoll.
The gnoll is severely wounded.
You constrict the gnoll. Jessica hits you with a +5 club.
* * * LOW HITPOINT WARNING * * *
The gnoll misses you. Jessica casts a spell at you.
You barely resist. You barely miss Jessica. You grab Jessica.
You constrict Jessica, but do no damage.
You constrict the gnoll.
You kill the gnoll!
Jessica hits you with a +5 club.
You die...

###### #....#
#....# #....#
######### #....#
#........#
#....#####........#
#.......##........#
#....##..#.........
#........@@.......#
#....###.)........#
###### ###........#
##.# ##.#####. #..#
#...# #..# #.#.###
#..# #.#...## #..#
#.###..##### ##.
#..# #.#
##..@..##.?..


You could see Jessica (fast).

Vanquished Creatures
  3 adders (D:2)
  3 gnolls (D:2)
  A ball python (D:2)
  3 bats (D:2)
  8 endoplasms
  2 giant cockroaches (D:1)
  4 goblins
  2 hobgoblins
  3 jackals (D:2)
  A quokka (D:1)
  3 frilled lizards (D:1)
  2 kobolds (D:1)
  3 rats
38 creatures vanquished.

Notes
Turn   | Place    | Note
-------+----------+-------------------------------------------
     0 | D:1      | Akaron the Octopode Earth Elementalist began the quest for
                  | the Orb.
     0 | D:1      | Reached XP level 1. HP: 11/11 MP: 3/3
    84 | D:1      | Found a faded altar of an unknown god.
   222 | D:1      | Reached XP level 2. HP: 17/17 MP: 3/5
   280 | D:1      | Learned a level 2 spell: Passwall
   732 | D:1      | Reached skill level 1 in Conjurations
   980 | D:2      | Reached XP level 3. HP: 21/21 MP: 4/6
  1331 | D:2      | Learned a level 3 spell: Stone Arrow
  1384 | D:2      | Reached XP level 4. HP: 27/27 MP: 6/8
  1592 | D:2      | Noticed Jessica
  1617 | D:2      | Slain by Jessica

Illustrated notes

Levels and vault maps discovered:
D:1:      minmay_arrival_five_plusses, layout_basic,
          chequers_ecumenical_altar_island
D:2:      layout_rooms, uniq_jessica, uniq_terence, uniq_natasha

Skill      XL: |  1  2 |
---------------+-------+-----
Conjurations   | 1 |  1.6
Dodging        | |  2.2
Stealth        | |  2.6
Spellcasting   | |  2.9
Transmutations | |  1.0
Earth Magic    | |  3.8

Action                   |  1- 3 |  4- 6 || total
-------------------------+-------+-------++-------
Melee: Unarmed           |     5 |       ||     5
       Tentacles         |     1 |     5 ||     6
       Constrict         |     1 |     2 ||     3
       Dagger            |       |    15 ||    15
 Cast: Sandblast         |    40 |     9 ||    49
Armor: Skin              |       |     1 ||     1
Dodge: Dodged            |     6 |     7 ||    13
